 Dungeon Crawl Stone Soup version 0.31.0 (webtiles) character file.

Game seed: 9686284628538642425

486 qw the Shooter (level 7, -5/43 HPs)
             Began as a Gargoyle Hunter on Jan 19, 2024.
             Was an Initiate of Okawaru.
             Slain by a crocodile (10 damage)
             ... in a sewer.
             The game lasted 00:00:19 (4261 turns).

qw the Shooter (Gargoyle Hunter)                    Turns: 4261, Time: 00:00:19

Health: -5/43      AC: 11    Str: 15    XL:     7   Next: 13%
Magic:  7/7        EV: 11    Int:  9    God:    Okawaru [......]
Gold:   179        SH:  0    Dex: 15    Spells: 6/6 levels left

rFire   . . .        a - +1 shortbow
rCold   . . .        (shield currently unavailable)
rNeg    + . .        b - +0 ring mail
rPois   inf          e - +0 helmet
rElec   +            (no cloak)
rCorr   .            (no gloves)
SInv    .            (no boots)
Will    .....        (no amulet)
Stlth   +            (no ring)
HPRegen 0.27/turn    (no ring)
MPRegen 0.10/turn

%: no passive effects
@: very slow
A: sickness immunity, AC +4, negative energy resistance 1, electricity
resistance, torment resistance 1, petrification resistance
a: Renounce Religion


You were in a sewer.
You worshipped Okawaru.
Okawaru was noncommittal.
You visited 1 branch of the dungeon, and saw 5 of its levels.
You also visited: Sewer.

You collected 179 gold pieces.


Innate Abilities, Weirdness & Mutations

You are immune to sickness and miasma.
Your stone body is resilient. (AC +4)
You are immune to poison.
You resist negative energy. (rN+)
You are resistant to electric shocks. (rElec)
You are resistant to unholy torment.
You are immune to petrification.


   Skills:
 - Level 4.0 Fighting
 + Level 7.4 Ranged Weapons
 - Level 1.9 Armour
 - Level 1.5 Dodging
 - Level 1.1 Stealth


You had 6 spell levels left.
You didn't know any spells.
Your spell library was empty.

Inventory:

Hand Weapons
 a - a +1 shortbow (weapon)
Armour
 b - a +0 ring mail (worn)
 e - a +0 helmet (worn)
Potions
 c - a potion of cancellation
 d - a potion of curing
 g - a potion of ambrosia {unknown}
 i - a potion of attraction {unknown}
 k - a potion of heal wounds {unknown}
 l - a potion of degeneration {unknown}

Dungeon Overview and Level Annotations

Branches:
Dungeon (5/15)              Sewer (1/1)
 Temple: D:4-7

Altars:
Cheibriados
Okawaru

Annotations:
D:4 1 runed translucent door, Crazy Yiuf
D:5 1 runed translucent door, qw's ghost, novice GrHu


Message History

A rat comes into view.
The crocodile bites you!
You shoot an arrow. The arrow barely misses the crocodile.
The sickly merfolk siren chants a haunting song.
You resist.
A giant cockroach comes into view.
The crocodile closely misses you. The rat bites you but does no damage.
You shoot an arrow. The arrow hits the crocodile.
The crocodile is moderately wounded.
The sickly merfolk siren chants a haunting song.
You resist. The crocodile bites you. The rat closely misses you.
You shoot an arrow. The arrow hits the crocodile.
The crocodile is heavily wounded.
The crocodile closely misses you. The rat bites you but does no damage.
You shoot an arrow. The arrow closely misses the crocodile.
The crocodile bites you but does no damage.
The sickly merfolk siren chants a haunting song.
You are mesmerised by the sickly merfolk siren!
The rat barely misses you.
You shoot an arrow. The arrow hits the crocodile.
The crocodile is severely wounded.
You break out of your daze!
The crocodile barely misses you.
The sickly merfolk siren chants a haunting song.
You resist. The rat barely misses you.
You shoot an arrow.
The arrow hits the crocodile but does no damage.
The crocodile is severely wounded.
The crocodile barely misses you.
The sickly merfolk siren chants a haunting song.
You resist. The rat closely misses you.
A rat comes into view.
The crocodile bites you but does no damage.
You shoot an arrow. The arrow closely misses the crocodile.
The sickly merfolk siren chants a haunting song.
You resist. The rat bites you but does no damage. The crocodile bites you.
You shoot an arrow. The arrow closely misses the crocodile.
The sickly merfolk siren chants a haunting song.
You resist.
The rat splashes around in the water.
The crocodile bites you!
You die...

#### ##~.##
###~~~.#######
#\\~~~~.......
##############
##########~~~~~~~~~~~
#~mr@~~%~~~~~~~..~.%~
#~rl#############..##
#~~~#B #### ~r~~ #r
... .. .# ##


You could see a crocodile, a sickly merfolk siren, a giant cockroach and 4 rats.

Vanquished Creatures
  A bombardier beetle (D:3)
  2 hounds (D:4)
  A jelly (D:4)
  A sleepcap (D:4)
  2 iguanas (D:4)
  3 orc wizards
  A gnoll (D:3)
  8 adders
  A river rat (Sewer)
  A dart slug (D:4)
  A ribbon worm (D:3)
  22 orcs
  4 ball pythons
  9 endoplasms
  4 giant cockroaches
  12 hobgoblins
  2 jackals (D:4)
  12 kobolds
  2 quokkas
  4 bats
  3 frilled lizards
  6 goblins
  7 rats
109 creatures vanquished.

Notes
Turn   | Place    | Note
-------+----------+-------------------------------------------
     0 | D:1      | qw the Gargoyle Hunter began the quest for the Orb.
     0 | D:1      | Reached XP level 1. HP: 12/12 MP: 1/1
     0 | D:1      | 0 ||| qw: Version: 0.3-a-132-g3d54051
     0 | D:1      | 0 ||| qw: Game counter: 299
     0 | D:1      | 0 ||| qw: Melee chars always use a shield: true
     0 | D:1      | 0 ||| qw: God list: Okawaru
     0 | D:1      | 0 ||| qw: Allow faded altars: false
     0 | D:1      | 0 ||| qw: Do Orc after clearing Dungeon:15 true
     0 | D:1      | 0 ||| qw: Do second Lair branch before Depths: true
     0 | D:1      | 0 ||| qw: Lair rune preference: random
     0 | D:1      | 0 ||| qw: Goals: Normal
     0 | D:1      | 0 ||| PLANNING D:1-11
   205 | D:1      | Reached XP level 2. HP: 17/17 MP: 2/2
   329 | D:1      | HP: 4/17 [kobold/+0 whip (2)]
   331 | D:1      | HP: 1/17 [kobold/+0 whip (3)]
   911 | D:1      | 911 ||| READING scroll labelled DIBOIH LEXAPRA.
   912 | D:1      | 912 ||| READING scroll labelled ALLULE BICKO.
   913 | D:1      | 913 ||| READING scroll labelled GAKKET NOUSITH.
   917 | D:1      | 917 ||| DROPPING scroll of butterflies.
  1021 | D:2      | Reached XP level 3. HP: 19/21 MP: 3/3
  1136 | D:2      | Reached skill level 5 in Ranged Weapons
  1586 | D:2      | 1586 ||| UPGRADING to +0 ring mail.
  1596 | D:2      | 1596 ||| DROPPING +0 leather armour.
  1597 | D:2      | 1597 ||| UPGRADING to +0 helmet.
  1602 | D:2      | 1602 ||| READING scroll labelled IDIZAXK RESCHERU.
  1602 | D:2      | 1602 ||| IDENTIFYING viscous puce potion
  1603 | D:2      | 1603 ||| DRINKING 2 pink potions.
  1604 | D:2      | 1604 ||| DROPPING potion of invisibility.
  1645 | D:3      | 1645 ||| FLEEEEING.
  1646 | D:3      | 1646 ||| FLEEEEING.
  1647 | D:3      | 1647 ||| FLEEEEING.
  1652 | D:3      | 1652 ||| FLEEEEING.
  1653 | D:3      | 1653 ||| STAIRDANCE
  1666 | D:3      | 1666 ||| STAIRDANCE
  1693 | D:3      | Reached skill level 1 in Armour
  1693 | D:3      | Reached XP level 4. HP: 27/27 MP: 4/4
  1708 | D:3      | 1708 ||| DRINKING potion of curing.
  1708 | D:3      | 1708 ||| (to cure confusion)
  1734 | D:3      | Reached skill level 3 in Fighting
  1743 | D:3      | 1743 ||| FLEEEEING.
  1751 | D:3      | 1751 ||| STAIRDANCE
  1879 | D:3      | Reached XP level 5. HP: 32/32 MP: 5/5
  1953 | D:3      | HP: 8/32 [orc/+0 trident (3)]
  1954 | D:3      | 1954 ||| READING scroll of teleportation.
  1959 | D:3      | 1959 ||| FLEEEEING.
  2171 | D:3      | Identified the +3 hand axe of Might {flame, rPois Stlth+}
  2323 | D:3      | Reached skill level 6 in Ranged Weapons
  2431 | D:3      | 2431 ||| FLEEEEING.
  2476 | D:3      | Found an iron altar of Okawaru.
  2477 | D:3      | 2477 ||| PLANNING OKAWARU WORSHIP
  2477 | D:3      | 2477 ||| READING scroll of identify.
  2477 | D:3      | 2477 ||| IDENTIFYING yellow potion
  2478 | D:3      | 2478 ||| READING scroll labelled QICIPONNUT.
  2486 | D:3      | Became a worshipper of Warmaster Okawaru
  2487 | D:3      | 2487 ||| PLANNING D:1-11
  2563 | D:4      | HP: 7/32 [sleepcap (4)]
  2565 | D:4      | Reached XP level 6. HP: 9/38 MP: 6/6
  2566 | D:4      | 2566 ||| FLEEEEING.
  2567 | D:4      | 2567 ||| STAIRDANCE
  2719 | D:4      | Found a snail-covered altar of Cheibriados.
  3216 | D:4      | 3216 ||| FLEEEEING.
  3534 | D:4      | 3534 ||| FLEEEEING.
  3539 | D:4      | 3539 ||| STAIRDANCE
  3595 | D:3      | 3595 ||| READING scroll labelled NAOCYN BIUNO.
  3595 | D:3      | 3595 ||| ENCHANTING +0 shortbow.
  3596 | D:3      | 3596 ||| READING scroll labelled LIESA NUALYE.
  3659 | D:4      | Reached skill level 7 in Ranged Weapons
  3770 | D:4      | 3770 ||| DRINKING 2 potions of curing.
  3770 | D:4      | 3770 ||| (to cure confusion)
  3789 | D:4      | Reached XP level 7. HP: 41/43 MP: 7/7
  3851 | D:4      | Found a runed translucent door.
  3852 | D:4      | Noticed Crazy Yiuf
  4115 | D:4      | 4115 ||| READING scroll of identify.
  4115 | D:4      | 4115 ||| IDENTIFYING ruby potion
  4116 | D:4      | 4116 ||| DROPPING potion of berserk rage.
  4156 | D:5      | Entered Level 5 of the Dungeon
  4156 | D:5      | Noticed qw's ghost (novice GrHu)
  4156 | D:5      | Found a runed translucent door.
  4157 | D:5      | 4157 ||| PLANNING SEWER
  4158 | D:5      | Found a glowing drain.
  4192 | Sewer    | Entered a sewer
  4255 | Sewer    | HP: 6/43 [crocodile (5)]
  4260 | Sewer    | HP: 5/43 [crocodile (3)]
  4261 | Sewer    | Slain by a crocodile

Levels and vault maps discovered:
D:1:      dpeg_arrival_simpleton_b, layout_basic
D:2:      layout_basic
D:3:      layout_basic, okawaru_altar_gauntlet_db, minmay_stone_trees_small
D:4:      layout_basic, nicolae_overflow_crystal_walls, minmay_crossroads,
          uniq_crazy_yiuf_cottage
D:5:      layout_cave_pools, overflow_temple_1_default,
          minmay_temple_entry_enclosed_plants, gup_sewer_entry_glass,
          ebering_ghost_sewer_f, grunt_decor_one_mirror
Sewer:    sewer_sea

Skill      XL: |  1  2  3  4  5  6 |
---------------+-------------------+-----
Ranged Weapons | 5 6 7 |  7.4
Armour         | 1 |  1.9
Fighting       | 3 4 |  4.0
Dodging        | |  1.5
Stealth        | |  1.1

Action                     |  1- 3 |  4- 6 |  7- 9 || total
---------------------------+-------+-------+-------++-------
   Fire: Shortbow          |   106 |   293 |    57 ||   456
    Use: Scroll            |     4 |     5 |     1 ||    10
         Potion            |     1 |     2 |       ||     3
 Armour: Leather armour    |    32 |       |       ||    32
         Ring mail         |     6 |   184 |    49 ||   239
  Dodge: Dodged            |    30 |   141 |    43 ||   214

Table legend:
 A = Non-vault XP
 B = Vault XP
 C = Vault XP percentage of total XP
 D = Non-vault monster count
 E = Vault monster count
 F = Vault count percentage of total count
                 A         B        C        D         E       F
            +---------+---------+-------+---------+---------+-------
      Total |     566 |     129 |  18.6 |      89 |      20 |  18.3
            +---------+---------+-------+---------+---------+-------
        D:1 |      29 |       0 |   0.0 |      18 |       0 |   0.0
        D:2 |      27 |       0 |   0.0 |      15 |       0 |   0.0
        D:3 |     214 |      25 |  10.5 |      28 |       6 |  17.6
        D:4 |     296 |      42 |  12.4 |      28 |       3 |   9.7
        D:5 |       0 |      42 | 100.0 |       0 |       4 | 100.0
      Sewer |       0 |      20 | 100.0 |       0 |       7 | 100.0
            +---------+---------+-------+---------+---------+-------
